 Dungeon Crawl Stone Soup version 0.29-a0-275-g389c0b56f3 (webtiles) character file.

Game seed: 12661932758881327331

427348 drugrobin the Slayer (level 21, -2/310 HPs)
             Began as a Demigod Fighter on Mar 12, 2022.
             Succumbed to poison (dark miasma)
             ... on level 1 of the Depths.
             The game lasted 04:31:42 (78331 turns).

drugrobin the Slayer (Demigod Fighter)             Turns: 78331, Time: 04:31:42

Health: -2/310     AC: 23    Str: 29    XL:     21   Next: 79%
Magic:  38/38      EV: 13    Int: 35    God:
Gold:   36         SH:  8    Dex: 12    Spells: 9/34 levels left

rFire   + + .      SeeInvis +   a - +5 broad axe (drain)
rCold   . . .      Faith    .   F - +2 buckler {reflect}
rNeg    + . .      Spirit   .   q - +4 faerie dragon scales {rCorr MP+2 Dex+4}
rPois   .          Reflect  +   E - +2 helmet
rElec   .          Harm     .   m - +0 cloak "Ocwuimpi" {Int+2 SInv}
rCorr   +          Rampage  .   o - +0 pair of gloves "Mepto" {rF++ Dex-3}
Will    ++...                   p - +2 pair of boots {Stlth+}
Stlth   ..........              L - amulet of regeneration
HPRegen 1.41/turn               R - +8 ring of slaying
MPRegen 0.26/turn               k - ring of Ajuq {rN+ Int+7 Dex-2 Slay+4}

@: berserking, lethally poisoned (-2 -> -76), doom-hounded, studying Short
Blades, very quick
A: high MP 1, forlorn, divine attributes
}: 2/15 runes: serpentine, barnacled
a: no special abilities


You were on level 1 of the Depths.
You visited 10 branches of the dungeon, and saw 43 of its levels.
You visited the Abyss 2 times.
You visited 2 bazaars.
You also visited: Bailey, Gauntlet and Ice Cave.

You collected 4614 gold pieces.
You spent 4578 gold pieces at shops.

Inventory:

Hand Weapons
 a - a +5 broad axe of draining (weapon)
 b - the +4 war axe of Miogarph {elec, rPois rC+}
   (You found it in an ice cave)

   It occasionally discharges a powerful burst of electricity upon striking a
   foe.
   rC:        It protects you from cold.
   rPois:     It protects you from poison.
 c - a +2 demon whip of venom
 d - a +0 antimagic hand axe
Missiles
 N - 41 boomerangs (quivered)
 V - 6 curare-tipped darts
 X - 2 throwing nets
Armour
 m - the +0 cloak "Ocwuimpi" (worn) {Int+2 SInv}
   (You acquired it on level 10 of the Dungeon)

   Int:       It affects your intelligence (+2).
   SInv:      It lets you see invisible.
 o - the +0 pair of gloves "Mepto" (worn) {rF++ Dex-3}
   (You found it on level 4 of the Shoals)

   Dex:       It affects your dexterity (-3).
   rF:        It greatly protects you from fire.
 p - a +2 pair of boots of stealth (worn)
 q - the +4 faerie dragon scales (worn) {rCorr MP+2 Dex+4}
   (You took it off the Enchantress in the Vestibule of Hell)

   Dex:       It affects your dexterity (+4).
   MP:        It affects your magic capacity (+2).
   rCorr:     It protects you from acid and corrosion.
 E - a +2 helmet (worn)
 F - a +2 buckler of reflection (worn)
Jewellery
 k - the ring of Ajuq (right hand) {rN+ Int+7 Dex-2 Slay+4}
   (You took it off an ironbound preserver on level 4 of the Vaults)

   [ring of slaying]

   Int:       It affects your intelligence (+7).
   Dex:       It affects your dexterity (-2).
   Slay:      It affects your accuracy & damage with ranged weapons and melee
   (+4).
   rN:        It protects you from negative energy.
 A - the ring "Wifed" {rC+ rN+ Dex+3}
   (You found it on level 12 of the Dungeon)

   [ring of protection from cold]

   Dex:       It affects your dexterity (+3).
   rC:        It protects you from cold.
   rN:        It protects you from negative energy.
 L - an amulet of regeneration (around neck)
 R - a +8 ring of slaying (left hand)
 U - the amulet "Visoh" {Acrobat rElec rF+ Int-3}
   (You found it on level 11 of the Dungeon)

   [amulet of the acrobat]

   It increases your evasion while moving and waiting.
   Int:       It affects your intelligence (-3).
   rF:        It protects you from fire.
   rElec:     It insulates you from electricity.
Wands
 e - a wand of flame (23)
 n - a wand of digging (6)
 t - a wand of mindburst (15)
 w - a wand of polymorph (3)
 y - a wand of acid (8)
 P - a wand of paralysis (8)
 S - a wand of iceblast (19)
Scrolls
 g - a scroll of summoning
 i - 3 scrolls of fear
 r - 26 scrolls of teleportation
 u - 2 scrolls of blinking
 C - 7 scrolls of vulnerability
 D - 8 scrolls of fog
 T - 7 scrolls of immolation
Potions
 h - 13 potions of curing
 j - 4 potions of ambrosia
 v - 3 potions of berserk rage
 x - 7 potions of cancellation
 z - 5 potions of lignification
 B - 7 potions of might
 H - 4 potions of attraction
 I - 5 potions of resistance
 J - a potion of invisibility
 K - 12 potions of heal wounds
 M - 2 potions of brilliance
 Q - 5 potions of haste
Miscellaneous
 f - a tin of tremorstones (2/2)
 l - a lightning rod (4/4)
 G - a phantom mirror
 O - a phial of floods
 W - the horn of Geryon (inert)
 Y - a box of beasts


   Skills:
 - Level 22.0 Fighting
 - Level 18.0 Axes
 - Level 12.9 Armour
 - Level 6.0 Dodging
 - Level 7.6 Shields
 + Level 7.0 Spellcasting
 * Level 16.0 Necromancy
 - Level 11.0 Ice Magic
 - Level 8.0 Evocations


You had 9 spell levels left.
You knew the following spells:

 Your Spells              Type           Power      Damage    Failure   Level
a - Freezing Cloud        Conj/Ice/Air   19%        6-21      28%         5
b - Summon Ice Beast      Ice/Summ       50%        N/A       4%          4
c - Necromutation         Tmut/Necr      31%        N/A       100%        8
d - Infestation           Necr           45%        N/A       41%         8

Your spell library contained the following spells:

 Spells                   Type           Power      Damage    Failure   Level
 Animate Skeleton         Necr           100%       N/A       0%          1
 Pain                     Necr           100%       1d9       0%          1
 Sublimation of Blood     Necr           90%        N/A       0%          2
 Ozocubu's Armour         Ice            73%        N/A       1%          3
 Vampiric Draining        Necr           90%        2d12      1%          3
 Animate Dead             Necr           45%        N/A       1%          4
 Dispel Undead            Necr           90%        3d29      1%          4
 Simulacrum               Ice/Necr       41%        N/A       2%          6
 Apportation              Tloc           24%        N/A       4%          1
 Magic Dart               Conj           48%        1d5       4%          1
 Sting                    Tmut/Pois      48%        1d5       4%          1
 Summon Small Mammal      Summ           48%        N/A       4%          1
 Hailstorm                Conj/Ice       50%        3d11      4%          4
 Ice Form                 Ice/Tmut       50%        N/A       4%          4
 Call Imp                 Summ           12%        N/A       7%          2
 Poisonous Vapours        Pois/Air       24%        N/A       7%          2
 Scorch                   Fire           24%        2d6       7%          2
 Searing Ray              Conj           24%        2d5       7%          2
 Static Discharge         Conj/Air       12%        N/A       7%          2
 Ignite Poison            Fire/Tmut/Pois 12%        N/A       14%         3
 Mephitic Cloud           Conj/Pois/Air  12%        N/A       14%         3
 Swiftness                Air            12%        N/A       14%         3
 Ozocubu's Refrigeration  Ice            36%        4d12      41%         7
 Borgnjor's Revivificati  Necr           45%        N/A       41%         8
 Animate Armour           Summ/Erth      24%        N/A       43%         4
 Fulminant Prism          Conj/Hex       6%         3d7       43%         4
 Iskenderun's Mystic Bla  Conj/Tloc      12%        2d5       43%         4
 Olgreb's Toxic Radiance  Pois           12%        N/A       43%         4
 Petrify                  Tmut/Erth      12%        N/A       43%         4
 Sticky Flame             Conj/Fire      12%        2d4       43%         4
 Alistair's Intoxication  Tmut/Pois      8%         N/A       78%         5
 Blade Hands              Tmut           6%         N/A       78%         5
 Irradiate                Conj/Tmut      6%         3d15      78%         5
 Lee's Rapid Deconstruct  Erth           6%         3d7*      78%         5
 Summon Forest            Summ/Tloc      6%         N/A       78%         5
 Summon Mana Viper        Hex/Summ       12%        N/A       78%         5
 Haunt                    Necr/Summ      31%        N/A       83%         7
 Iron Shot                Conj/Erth      6%         9d2       100%        6
 Starburst                Conj/Fire      6%         6d4       100%        6
 Summon Cactus Giant      Summ           6%         N/A       100%        6
 Dragon Form              Tmut           6%         N/A       100%        7
 Summon Hydra             Summ           6%         N/A       100%        7
 Ignition                 Fire           6%         3d4       100%        8
 Death's Door             Necr           45%        N/A       100%        9


Dungeon Overview and Level Annotations

Branches:
Dungeon (15/15)            Temple (0/1) D:7            Lair (6/6) D:11
 Shoals (4/4) Lair:3        Snake (4/4) Lair:4        Slime (0/5) Lair:5
    Orc (2/2) D:12            Elf (2/3) Orc:2        Vaults (4/5) D:14
  Crypt (0/3) Vaults:3     Depths (3/4) D:15           Hell (visited)
    Coc (2/7) Hell         Bailey (visited)           IceCv (visited)
Gauntlet (visited)
    Dis: Hell:1         Geh: Hell:1         Tar: Hell:1

Shops:
D:4 :   D:11 !   Orc:2 [:*(   Elf:1 =[(:   Snake:1 !   Snake:4 =:   Vaults:1 *
Vaults:2 [   Vaults:3 [

Portals:
Hell: Depths:1 Depths:2 Depths:3
Abyss: Depths:2 Depths:3
Pandemonium: Depths:2 Depths:3
Ziggurat: Depths:1

Annotations:
D:13 2 transporters, exclusion: orange crystal statue, Obruor's ghost, journeyman DgEE; Wipuing's ghost, journeyman MiBe
Depths:1 exclusion: orange crystal statue


Innate Abilities, Weirdness & Mutations

You have an increased reservoir of magic. (+10% MP)
You shall have no god before yourself.
Your divine heritage dramatically boosts your attributes as you level up.


Message History

* * * LOW HITPOINT WARNING * * *
x2 You feel extremely sick.
The bone dragon bites you!
* * * LOW HITPOINT WARNING * * *
The bone dragon closely misses you. The bone dragon misses you.
Unknown command.
Unknown command.
You hit the bone dragon.
The bone dragon is severely damaged.
* * * LOW HITPOINT WARNING * * *
You feel extremely sick.
A bone dragon comes into view.
Unknown command.
Unknown command.
Unknown command.
Unknown command.
Unknown command.
Unknown command.
Unknown command.
Unknown command.
You hit the bone dragon but do no damage.
The bone dragon is severely damaged.
You slash the bone dragon! You slash the putrid mouth!
* * * LOW HITPOINT WARNING * * *
You feel extremely sick. The bone dragon bites you!
* * * LOW HITPOINT WARNING * * *
The bone dragon misses you. The bone dragon completely misses you.
Unknown command.
Unknown command.
Unknown command.
Unknown command.
Unknown command.
You are too berserk!
Unknown command.
Unknown command.
You slice the bone dragon!!
The bone dragon is almost destroyed.
You slice the bone dragon!! You slice the putrid mouth!!
You die...

.................#..##8..8#####.#
................###..##''##.'.##.
...............# ##........##)#.
..............## ###......#)###
........[......## ##......##(..
................#####.......[####
.................)...............
.................)...............
...............W@D..............#
..............○.D)..............#
..............)..................
.....................>...........
..........(..........[[..........
..........<[..)..................
.................................
.....?...........................
.................................


You could see 2 bone dragons and a putrid mouth.

Vanquished Creatures
  Sojobo (Vaults:3)
  Xtahua (Vaults:3)
  Bai Suzhen (Shoals:4)
  Geryon (Hell)
  the Enchantress (Hell)
  Nikola (Shoals:2)
  2 doom hounds
  A tentacled monstrosity (Hell)
  Zenata (Vaults:3)
  A lich (Vaults:3)
  A titan (Depths:3)
  Gastronok (Lair:3)
  2 sphinxes
  3 tentacled starspawn (Abyss:2)
  Polyphemus (Shoals:4)
  Donald (Snake:1)
  2 tengu reavers (Vaults:3)
  A shadow dragon (Vaults:4)
  The ghost of Strat the Barachian Blade, an adept BaCK of Xom (Snake:2)
  3 nagarajas (Snake:3)
  5 fire giants
  7 vault wardens
  6 orc warlords
  10 frost giants
  24 ironbound preservers
  Aizul (Snake:1)
  A reaper (IceCv)
  10 very ugly things
  9 ironbound thunderhulks
  5 spriggan defenders
  8 stone giants
  A deep elf demonologist (Elf:1)
  16 dire elephants
  A minotaur (Gauntlet)
  A putrid mouth (Depths:1)
  4 entropy weavers
  3 spark wasps (Depths:2)
  7 merfolk impalers
  A blizzard demon (Depths:1)
  3 crystal guardians
  A deep elf death mage (Elf:1)
  2 merfolk javelineers
  An ettin (shapeshifter) (Depths:2)
  6 ettins
  Josephine (Snake:1)
  7 fire dragons
  7 great orbs of eyes
  The ghost of spaghetti the Warrior, a novice OgCK of Gozag (Lair:1)
  7 hydras
  8 yaktaur captains
  3 jiangshi (Depths:1)
  5 ice dragons
  4 vault guards (D:14)
  7 salamander tyrants (Snake:4)
  A spriggan skeleton (Depths:1)
  3 spriggan air magi
  22 naga warriors
  4 boulder beetles
  12 centaur warriors
  3 hell beasts
  4 peacekeepers
  2 death knights (Vaults:3)
  2 rakshasas (Depths:2)
  4 merfolk avatars
  A catoblepas (Shoals:4)
  9 ironbound frosthearts
  A satyr (Shoals:4)
  13 anacondas
  3 two-headed ogres
  5 merfolk aquamancers
  5 dancing weapons
  2 alligator snapping turtles (Shoals:4)
  3 tengu warriors
  A deep troll shaman (Depths:1)
  9 death yaks
  A hell hog (Hell)
  4 spriggans
  5 spriggan berserkers
  Urug (Orc:1)
  2 deep troll earth magi
  An orc high priest (Orc:2)
  18 naga sharpshooters
  Sonja (D:11)
  2 vampire magi
  8 shock serpents
  4 deep elf knights
  Nergalle (Orc:2)
  3 sun demons
  4 soul eaters
  10 hell knights
  A fire crab (Lair:6)
  Amaemon (Lair:2)
  Lodul (D:11)
  2 goliath frogs (Lair:6)
  3 skeletal warriors (D:14)
  74 deep trolls
  8 sea snakes
  6 wretched stars (Abyss:2)
  3 salamander mystics
  3 sixfirhies (Gauntlet)
  9 naga ritualists
  6 glowing orange brains
  10 wizards
  10 ironbound convokers
  8 lindwurms
  2 deep elf archers (Elf:1)
  12 deep elf pyromancers
  2 phantasmal warriors (Vaults:3)
  A wolf spider (D:12)
  24 harpies
  4 necromancers
  8 mana vipers
  An orc sorcerer (Orc:2)
  2 deep elf zephyrmancers (Elf:1)
  A sphinx skeleton (Depths:1)
  18 orc knights
  9 cyclopes
  4 oklob plants (Lair:1)
  12 salamanders
  48 ugly things
  3 fauns (Shoals:1)
  2 worldbinders (Abyss:2)
  3 elephants (Lair:6)
  10 manticores
  A centaur zombie (Abyss:2)
  14 guardian serpents
  An iron dragon skeleton (Depths:1)
  20 vault sentinels
  3 molten gargoyles
  A stone giant skeleton (Depths:1)
  2 ice statues
  17 naga magi
  A smoke demon (Abyss:2)
  50 black mambas
  12 merfolk sirens
  6 water nymphs
  22 cane toads
  A gargoyle (D:12)
  3 hellions
  2 orange demons
  15 komodo dragons
  9 rime drakes
  An efreet (D:14)
  41 yaktaurs
  A kobold demonologist (D:11)
  An anaconda simulacrum (IceCv)
  A demonic crawler (Depths:2)
  3 ancient zymes (Abyss:2)
  2 freezing wraiths (Abyss:2)
  3 ice devils
  4 tengu conjurers
  27 merfolk
  3 meliai (Lair:5)
  7 trolls
  A meliai (shapeshifter) (D:14)
  3 hellwings
  2 polar bears
  A troll (shapeshifter) (Depths:3)
  A queen bee (Lair:5)
  5 wind drakes
  3 hornets
  3 tyrant leeches (Lair:6)
  26 slime creatures
  9 dream sheep
  21 blink frogs
  3 raiju (Abyss:2)
  A culicivora (Vaults:2)
  A culicivora (shapeshifter) (Orc:2)
  A centaur simulacrum (D:15)
  A stone giant simulacrum (Depths:1)
  2 air elementals
  7 snapping turtles
  11 water elementals
  A jumping spider (D:14)
  4 starcursed masses (Abyss:2)
  3 ynoxinuls (Abyss:2)
  2 shadows (Abyss:2)
  12 wraiths
  2 neqoxecs (Abyss:2)
  2 wyverns
  2 dire elephant simulacra (IceCv)
  A fire bat (Abyss:2)
  4 basilisks
  25 yaks
  4 redbacks
  2 chaos spawn (Abyss:2)
  A death yak simulacrum (IceCv)
  3 harpy simulacra
  13 vampire mosquitoes
  Menkaure (D:6)
  57 nagas
  8 large abominations (Abyss:2)
  A warg (Orc:1)
  4 hell hounds
  8 small abominations (Abyss:2)
  14 water moccasins
  An acid dragon (D:11)
  2 ice beasts
  35 orc warriors
  3 sky beasts
  4 black bears
  5 boggarts
  20 wolves
  6 ogres
  18 centaurs
  A phantom (D:4)
  16 bullfrogs
  3 kobold brigands (D:11)
  A bullfrog (shapeshifter) (Depths:1)
  6 scorpions
  2 necrophages
  A gnoll sergeant (D:7)
  A cane toad simulacrum (IceCv)
  5 two-headed ogre simulacra (IceCv)
  25 wights
  An elephant simulacrum (IceCv)
  15 killer bees
  9 electric eels
  5 howler monkeys
  3 jellies
  12 orc priests
  A hound (D:4)
  2 quasits (Abyss:2)
  Crazy Yiuf (D:2)
  An iguana (D:6)
  10 hell rats
  14 orc wizards
  2 polar bear simulacra (IceCv)
  A spriggan simulacrum (IceCv)
  11 troll simulacra (IceCv)
  3 wolf simulacra (IceCv)
  A mummy (D:8)
  Robin (D:4)
  6 gnolls
  9 adders
  7 naga simulacra (IceCv)
  A shadow imp (D:5)
  24 white imps
  13 ufetubi
  3 worms
  A dart slug (D:3)
  71 orcs
  6 bats
  11 endoplasms
  4 giant cockroaches
  19 goblins
  8 hobgoblins
  3 jackals
  3 quokkas
  7 ball pythons
  4 frilled lizards
  7 kobolds
  2 kobold zombies (D:8)
  2 orc zombies (D:8)
  7 rats
  2 butterflies
  A lurking horror (Abyss:2)
  A starspawn tentacle (Abyss:2)
1715 creatures vanquished.

Vanquished Creatures (collateral kills)
  Ilsuiw (Shoals:2)
  A reaper (Hell)
  A lorocyproca (Hell)
  2 merfolk impalers (Shoals:4)
  A merfolk aquamancer (Shoals:4)
  An ironbound frostheart (Vaults:1)
  4 ugly things (D:15)
  A merfolk (Shoals:4)
12 creatures vanquished.

Vanquished Creatures (others)
  An anaconda (Snake:4)
  A death yak (Shoals:4)
  A wizard (Vaults:3)
  An orc warrior (Bailey)
  2 wights (D:6)
  51 fungi
  219 plants
  7 starspawn tentacles (Abyss:2)
283 creatures vanquished.

Grand Total: 2010 creatures vanquished

Notes
Turn   | Place    | Note
-------+----------+-------------------------------------------
     0 | D:1      | drugrobin the Demigod Fighter began the quest for the Orb.
     0 | D:1      | Reached XP level 1. HP: 18/18 MP: 3/3
   329 | D:1      | Reached XP level 2. HP: 25/25 MP: 4/4
   743 | D:2      | Reached XP level 3. HP: 30/30 MP: 5/5
  1437 | D:2      | Found a runed translucent door.
  1438 | D:2      | Noticed Crazy Yiuf
  1670 | D:3      | Reached XP level 4. HP: 37/37 MP: 6/6
  2451 | D:3      | Identified the +1 leather armour of the Good {Dex+2}
  3112 | D:4      | Reached skill level 5 in Axes
  3112 | D:4      | Reached XP level 5. HP: 41/42 MP: 7/7
  3529 | D:4      | Found Bacs's Self-Improvement Boutique.
  3814 | D:4      | Noticed Robin
  3857 | D:4      | Killed Robin
  4345 | D:5      | Entered Level 5 of the Dungeon
  4365 | D:5      | Reached XP level 6. HP: 32/50 MP: 8/8
  4814 | D:5      | Reached XP level 7. HP: 31/56 MP: 9/9
  6004 | D:5      | Reached XP level 8. HP: 31/62 MP: 10/10
  6428 | D:6      | Reached skill level 10 in Axes
  7035 | D:6      | Noticed a troll
  7340 | D:6      | Reached skill level 3 in Fighting
  7340 | D:6      | Reached skill level 1 in Evocations
  7667 | D:6      | Noticed Menkaure
  8165 | D:7      | Reached XP level 9. HP: 69/70 MP: 11/11
  8645 | D:7      | Reached skill level 4 in Fighting
  8875 | D:7      | Found a staircase to the Ecumenical Temple.
  9057 | D:6      | Killed Menkaure
 10048 | D:7      | Reached skill level 5 in Fighting
 11449 | D:2      | Killed Crazy Yiuf
 11741 | D:9      | Reached XP level 10. HP: 81/81 MP: 13/13
 12333 | D:9      | Reached skill level 5 in Evocations
 12340 | D:9      | Reached skill level 6 in Fighting
 13238 | D:10     | Entered Level 10 of the Dungeon
 13273 | D:10     | Found a flagged portal.
 13409 | D:10     | Reached skill level 5 in Armour
 13545 | Bailey   | Entered a bailey
 14747 | Bailey   | Noticed an orc knight
 14775 | Bailey   | Killed an orc knight
 14956 | D:10     | Acquired the +0 cloak "Ocwuimpi" {Int+2 SInv}
 15676 | D:10     | Noticed a two-headed ogre
 15676 | D:10     | Noticed a two-headed ogre
 15676 | D:10     | Noticed a two-headed ogre
 15676 | D:10     | Noticed a two-headed ogre
 16036 | D:10     | Noticed a two-headed ogre
 16053 | D:10     | Killed a two-headed ogre
 16069 | D:10     | Noticed Lodul
 16288 | D:11     | Found Rana's Distillery.
 16292 | D:11     | Reached skill level 7 in Fighting
 16292 | D:11     | Reached XP level 11. HP: 86/92 MP: 14/14
 16315 | D:11     | Bought a potion of berserk rage for 75 gold pieces
 16315 | D:11     | Bought a potion of haste for 150 gold pieces
 16315 | D:11     | Bought a potion of brilliance for 60 gold pieces
 16315 | D:11     | Bought a potion of curing for 45 gold pieces
 16425 | D:11     | Noticed Sonja
 16534 | D:11     | Killed Sonja
 16942 | D:11     | Noticed a seven-headed hydra
 16954 | D:11     | Killed a two-headed hydra
 19444 | D:10     | Noticed a two-headed ogre
 19452 | D:11     | Killed Lodul
 20023 | D:11     | Found a staircase to the Lair.
 20164 | D:11     | Identified the amulet "Visoh" {Acrobat rElec rF+ Int-3}
 20293 | Lair:1   | Entered Level 1 of the Lair of Beasts
 20447 | Lair:1   | Reached skill level 8 in Fighting
 20512 | Lair:1   | Noticed a seven-headed hydra
 20741 | Lair:1   | Found a transporter.
 20746 | Lair:1   | Noticed spaghetti's ghost (novice OgCK)
 20982 | Lair:1   | Found a transporter.
 25181 | Lair:1   | Reached XP level 12. HP: 67/103 MP: 15/15
 25201 | Lair:1   | Glimpsed the power of Zot.
 25237 | Lair:1   | Identified the +7 halberd "Hulicab" {vorpal, *Corrode rElec
                  | Str+8}
 25359 | Lair:2   | Reached skill level 9 in Fighting
 25359 | Lair:2   | Reached XP level 13. HP: 111/111 MP: 16/16
 25446 | Lair:2   | Found a gate leading to a gauntlet.
 25455 | Gauntlet | Entered a Gauntlet
 25455 | Gauntlet | Found a transporter.
 25455 | Gauntlet | Found a transporter.
 25457 | Gauntlet | Found a transporter.
 25475 | Gauntlet | Found a transporter.
 25484 | Gauntlet | Found a transporter.
 25488 | Gauntlet | Found a transporter.
 25503 | Gauntlet | Found a transporter.
 25514 | Gauntlet | Found a transporter.
 25528 | Gauntlet | Found a transporter.
 25532 | Gauntlet | Found a transporter.
 25545 | Gauntlet | Found a transporter.
 25549 | Gauntlet | Found a transporter.
 25603 | Gauntlet | Identified the ring of the Commoners {Str+6 Int+3}
 25755 | Gauntlet | Noticed a minotaur
 25761 | Gauntlet | Killed a minotaur
 25762 | Gauntlet | Reached skill level 10 in Fighting
 26454 | Lair:2   | Noticed Amaemon
 26589 | Lair:2   | Killed Amaemon
 27428 | Lair:3   | Noticed Gastronok
 27460 | Lair:3   | Killed Gastronok
 27461 | Lair:3   | Reached skill level 10 in Armour
 28026 | Lair:3   | Found a staircase to the Shoals.
 28536 | Lair:4   | Reached skill level 11 in Fighting
 28536 | Lair:4   | Reached skill level 15 in Axes
 28536 | Lair:4   | Reached XP level 14. HP: 124/124 MP: 17/17
 28751 | Lair:4   | Found a staircase to the Snake Pit.
 29835 | Lair:5   | Found a staircase to the Slime Pits.
 30226 | Lair:6   | Entered Level 6 of the Lair of Beasts
 31336 | Lair:4   | Reached skill level 12 in Fighting
 31953 | Lair:5   | Reached XP level 15. HP: 132/132 MP: 18/18
 34636 | Lair:1   | Killed spaghetti's ghost
 34646 | Lair:1   | HP: 5/134 [poisoned by spaghetti's ghost]
 35459 | D:12     | Identified the ring "Wifed" {rC+ rN+ Dex+3}
 35650 | D:12     | Found a staircase to the Orcish Mines.
 35779 | Orc:1    | Entered Level 1 of the Orcish Mines
 35893 | Orc:2    | Entered Level 2 of the Orcish Mines
 35893 | Orc:2    | Found a staircase to the Elven Halls.
 36327 | Orc:2    | Noticed Nergalle
 36372 | Orc:1    | Reached skill level 13 in Fighting
 36444 | Orc:2    | Killed Nergalle
 36725 | Orc:2    | Noticed Urug
 36879 | Orc:1    | Killed Urug
 37747 | Orc:2    | Found Ikloxa's Antique Weapon Boutique.
 37840 | Orc:2    | Found Tuhasaf's General Store.
 37860 | Orc:2    | Found Nukleel's Antique Armour Boutique.
 37867 | Orc:2    | Bought a pair of twisted gloves for 285 gold pieces
 37867 | Orc:2    | Identified the +2 pair of gloves "Duca" {Fly rElec Will-
                  | rCorr Str+3} (You bought it in a shop on level 2 of the
                  | Orcish Mines)
 37867 | Orc:2    | Bought a slimy chain mail for 285 gold pieces
 37867 | Orc:2    | Identified the +1 chain mail of Ucoih {rPois Regen+} (You
                  | bought it in a shop on level 2 of the Orcish Mines)
 38033 | Orc:2    | Found Ufre's Book Boutique.
 38265 | D:13     | Found a transporter.
 38266 | D:13     | Noticed Obruor's ghost (journeyman DgEE)
 38353 | D:13     | Found a transporter.
 38401 | D:13     | Found a frozen archway.
 38450 | IceCv    | Entered an ice cave
 39054 | IceCv    | Identified the +4 war axe of Miogarph {elec, rPois rC+}
 39615 | D:13     | Noticed Wipuing's ghost (journeyman MiBe)
 40080 | D:14     | Found a gate to the Vaults.
 41039 | D:15     | Entered Level 15 of the Dungeon
 41258 | D:15     | Reached XP level 16. HP: 108/145 MP: 19/19
 41469 | D:15     | Got the Tome of the Eight Friends
 41534 | D:15     | Reached skill level 14 in Fighting
 41568 | D:15     | Reached skill level 5 in Shields
 41728 | D:15     | Found a staircase to the Depths.
 42142 | Depths:1 | Entered Level 1 of the Depths
 42142 | Depths:1 | Found a gateway to Hell.
 42400 | Snake:1  | Entered Level 1 of the Snake Pit
 42555 | Snake:1  | Noticed Donald
 42891 | Snake:1  | Killed Donald
 43111 | Snake:1  | Found Zosanac's Distillery.
 43175 | Snake:1  | Noticed Josephine
 43204 | Snake:1  | Killed Josephine
 43329 | Snake:1  | Bought a potion of heal wounds for 85 gold pieces
 43329 | Snake:1  | Bought a potion of curing for 51 gold pieces
 43329 | Snake:1  | Bought a potion of curing for 51 gold pieces
 43329 | Snake:1  | Bought a potion of curing for 51 gold pieces
 43413 | Snake:1  | Noticed Aizul
 43443 | Snake:1  | Killed Aizul
 44595 | Snake:1  | Reached skill level 1 in Dodging
 46228 | Snake:2  | Found a large runed translucent door.
 46228 | Snake:2  | Found a large runed translucent door.
 46230 | Snake:2  | Noticed Strat's ghost (adept BaCK)
 46271 | Snake:2  | Killed Strat's ghost
 46273 | Snake:2  | Identified the ring of Pearae {rF- rCorr EV+4 Str+6 Dex+4}
 47332 | Snake:3  | Identified the +1 ring mail of Gozag's Felicitations
                  | {rElec}
 47378 | Snake:3  | Reached skill level 15 in Fighting
 48256 | Snake:3  | Reached skill level 5 in Dodging
 48320 | Snake:3  | Reached XP level 17. HP: 156/156 MP: 20/20
 48495 | Snake:4  | Entered Level 4 of the Snake Pit
 49217 | Snake:4  | Reached skill level 16 in Fighting
 50003 | Snake:4  | Found Yneasimi's Book Shop.
 50031 | Snake:4  | Paralysed by a naga mage for 7 turns
 50251 | Snake:4  | Found Dacoced's One-of-a-Kind Rings.
 50443 | Snake:4  | Reached skill level 17 in Fighting
 51703 | Snake:4  | Got a serpentine rune of Zot
 51888 | Shoals:1 | Entered Level 1 of the Shoals
 51957 | Shoals:1 | Reached skill level 18 in Fighting
 52831 | Snake:4  | Bought a +8 ring of slaying for 2600 gold pieces
 53743 | Shoals:2 | Noticed Ilsuiw
 53760 | Shoals:2 | Killed Ilsuiw
 53981 | Shoals:2 | Found a flickering gateway to a bazaar.
 53987 | Bazaar   | Entered a bazaar
 54014 | Bazaar   | Found Mour's Antique Weapon Shoppe.
 54032 | Bazaar   | Found Woidooj's Antique Armour Emporium.
 54088 | Bazaar   | Found Namahif's Assorted Antiques.
 54376 | Shoals:2 | Reached XP level 18. HP: 160/174 MP: 21/21
 54634 | Shoals:2 | Noticed Nikola
 54656 | Shoals:2 | Killed Nikola
 54657 | Shoals:2 | Reached skill level 19 in Fighting
 55028 | Shoals:3 | Got the Catalogue of Heat
 55317 | Shoals:3 | Identified the +10 shortbow "Notymy" {vorpal, rElec rPois
                  | rC- Str+3}
 56085 | Shoals:4 | Entered Level 4 of the Shoals
 56141 | Shoals:4 | Found the ring of the Tortoise {AC+8}
 56304 | Shoals:4 | Identified the +11 shortbow of Xuuji {speed, rElec rF+++
                  | rC- Dex-5}
 56425 | Shoals:4 | Noticed Bai Suzhen
 56444 | Shoals:4 | Killed Bai Suzhen
 56528 | Shoals:3 | Reached skill level 20 in Fighting
 56678 | Shoals:4 | Identified the +0 pair of gloves "Mepto" {rF++ Dex-3}
 56968 | Shoals:4 | Noticed Polyphemus
 56996 | Shoals:4 | Killed Polyphemus
 57209 | Shoals:4 | Got a barnacled rune of Zot
 57912 | Lair:1   | Learned a level 5 spell: Freezing Cloud
 57917 | Lair:1   | Learned a level 4 spell: Summon Ice Beast
 58045 | D:15     | Reached skill level 1 in Ice Magic
 58737 | Depths:1 | Reached skill level 21 in Fighting
 58958 | Depths:1 | Identified the +7 halberd "Kicw" {flame, *Corrode rC++
                  | Dex+3 Stlth+}
 59105 | Depths:1 | Found a one-way gateway to a ziggurat.
 59659 | Hell     | Entered the Vestibule of Hell
 59659 | Hell     | Noticed Geryon
 59670 | Depths:1 | Reached skill level 5 in Ice Magic
 59922 | Elf:1    | Entered Level 1 of the Elven Halls
 59924 | Elf:1    | Paralysed by an air elemental for 1 turns
 59948 | Elf:1    | Reached XP level 19. HP: 183/189 MP: 22/22
 60099 | Elf:1    | Found Idaik's Book Emporium.
 60100 | Elf:1    | Found Exzecs's Antique Weapon Emporium.
 60100 | Elf:1    | Found Uteotwu's Armour Shoppe.
 60106 | Elf:1    | Found Fosicok's Jewellery Shoppe.
 60937 | Elf:1    | Paralysed by an air elemental for 1 turns
 60941 | Elf:1    | Paralysed by an air elemental for 1 turns
 61930 | Depths:2 | Found a one-way gate leading to the halls of Pandemonium.
 63144 | Depths:2 | Found a one-way gate to the infinite horrors of the Abyss.
 63279 | Depths:2 | Identified the +5 battleaxe of Prudence {venom, rC+ MP+9
                  | Int+3}
 63365 | Hell     | Killed Geryon
 63467 | Depths:2 | Reached skill level 22 in Fighting
 63556 | Depths:3 | Learned a level 2 spell: Sublimation of Blood
 63652 | Depths:2 | Reached skill level 1 in Necromancy
 63817 | Hell     | Found a gateway to the freezing wastes of Cocytus.
 63830 | Coc:1    | Entered Level 1 of Cocytus
 64711 | Depths:3 | Noticed the Enchantress
 64833 | Hell     | Cast into level 2 of the Abyss (the Enchantress)
 65217 | Hell     | Escaped the Abyss
 65226 | Hell     | Killed the Enchantress
 65509 | Hell     | Noticed a doom hound
 65520 | Depths:3 | Reached skill level 5 in Necromancy
 65526 | Depths:3 | Reached skill level 10 in Ice Magic
 65627 | Hell     | Noticed a doom hound
 65629 | Hell     | Noticed a doom hound
 65630 | Hell     | Noticed a bone dragon
 65636 | Depths:3 | Noticed a bone dragon
 65639 | Depths:3 | Noticed a Tzitzimitl
 65837 | Depths:2 | Killed a doom hound
 65957 | Vaults:1 | Entered Level 1 of the Vaults
 66351 | Vaults:1 | Found Totimes's General Store.
 66615 | Vaults:1 | Found the +9 heavy crossbow "Sniper" {vorpal, Acc+∞ SInv}
 66628 | Vaults:1 | Identified the +9 arbalest "Nukhludiyc" {freeze, *Slow
                  | rElec rPois rN++}
 66723 | Vaults:1 | Reached XP level 20. HP: 200/200 MP: 24/24
 67329 | Vaults:1 | Learned a level 8 spell: Infestation
 67793 | Vaults:1 | You fall into a shaft and drop 1 floor!
 68010 | Vaults:2 | Found Famiku's Antique Armour Emporium.
 68050 | Vaults:2 | Reached skill level 10 in Necromancy
 68654 | Vaults:2 | Reached skill level 1 in Spellcasting
 71043 | Vaults:3 | Identified the +0 scale mail of Ignis's Regard {rElec}
 71130 | Vaults:3 | Reached XP level 21. HP: 157/207 MP: 30/30
 71563 | Vaults:3 | Noticed Sojobo
 71608 | Vaults:3 | Killed Sojobo
 72576 | Vaults:3 | Noticed Zenata
 72609 | Vaults:3 | Killed Zenata
 72982 | Vaults:3 | Found a staircase to the Crypt.
 73447 | Vaults:3 | Noticed Xtahua
 73464 | Vaults:3 | Paralysed by Xtahua for 6 turns
 73473 | Vaults:3 | Killed Xtahua
 73477 | Vaults:3 | Reached skill level 5 in Spellcasting
 73966 | Vaults:3 | Identified the +4 plate armour of the Ditch-Digger {Harm
                  | Fly Will+}
 74255 | Vaults:3 | Cast into level 2 of the Abyss (a wizard)
 74993 | Vaults:3 | Escaped the Abyss
 75339 | Vaults:3 | Found Jarawn's Armour Emporium.
 75629 | Vaults:4 | Reached skill level 15 in Necromancy
 75724 | Vaults:4 | Found a flickering gateway to a bazaar.
 75742 | Bazaar   | Entered a bazaar
 75742 | Bazaar   | Found Fironyc's Jewellery Emporium.
 75742 | Bazaar   | Found Yhew's General Store.
 75742 | Bazaar   | Found Uliph's Antique Armour Shoppe.
 75742 | Bazaar   | Found Falluat's Book Emporium.
 75742 | Bazaar   | Found Hab Puc's Book Emporium.
 76137 | Vaults:4 | Identified the ring of Ajuq {rN+ Int+7 Dex-2 Slay+4}
 78155 | Elf:1    | Bought a Necronomicon for 840 gold pieces
 78164 | Elf:1    | Learned a level 8 spell: Necromutation
 78330 | Depths:1 | HP: 13/310 [poison (dark miasma)]
 78330 | Depths:1 | HP: 6/310 [bone dragon[a doom hound] (7)]
 78331 | Depths:1 | Succumbed to poison (dark miasma)

Illustrated notes

Levels and vault maps discovered:
D:1:      scummos_arrival_star, layout_basic, ebering_ecumenical_altar_abandoned
D:2:      layout_basic, minmay_tromino_i4, uniq_crazy_yiuf_cottage
D:3:      layout_basic
D:4:      layout_basic, serial_curves, eino_curves_01, eino_curves_03,
          minmay_misc_feat_columns, kennysheep_pointless_box,
          nicolae_shop_self_help, uniq_robin
D:5:      layout_basic, old_standard_altar, item_on_display_a
D:6:      layout_cave_pools, minmay_small_thing, uniq_menkaure
D:7:      layout_gridville, minmay_temple_entry_butterflies
D:8:      layout_loops_corners, nicolae_overflow_hallway_of_the_gods,
          serial_aquarium, aquarium_bridge_square [aquarium_subvault_wall,
          aquarium_subvault_bridge, aquarium_subvault_bridge,
          aquarium_subvault_bridge], aquarium_window_corner, aquarium_window_3,
          aquarium_view_2c, aquarium_balcony_5b, aquarium_pool_2,
          minmay_mini_ossuary
D:9:      layout_small_grid, lightli_temple_of_fire, serial_co_window_serial,
          co_window_paths_a, co_window_paths_a, co_window_of_opportunity_a,
          co_window_corner_a, co_window_paths_b, co_window_corner_b,
          co_window_unsneaky_path_a, co_window_unsneaky_path_e,
          co_window_of_opportunity_b, co_window_corner_cb, co_window_4corner_b,
          glass_columns_a, glass_columns_a, grunt_decor_one_mirror
D:10:     layout_irregular_city, enter_bailey_2, serial_park_tiny_2, uniq_lodul
D:11:     layout_stronghold, david_lair_shrubbed, serial_bayou,
          serial_bayou_lake_a, serial_bayou_pond_e, serial_bayou_ford_a,
          serial_bayou_shore_b, serial_bayou_shore_b, serial_shops,
          nicolae_shop_statue_plus, uniq_sonja
D:12:     layout_rooms, david_orc_2, serial_park_tiny_pond,
          minmay_diamond_spiral
D:13:     layout_basic, nzn_ghost_randoct, portal_ice_cave_entry_imps,
          serial_curves, eino_curves_02, eino_curves_02
D:14:     layout_roguey, lightli_vaults_fourway_checkpoint, special_room
          [special_room_orc], corexii_leaking_fountain
D:15:     grunt_enter_depths_hoard, layout_grid_maze
Lair:1:   minmay_lair_oklob_chamber, layout_layer_cave, gammafunk_ghost_arena,
          nicolae_quartered_pool_impasse, serial_bayou_shore_a,
          lemuel_fruit_fields, grunt_megastairs_3
Lair:2:   layout_chaotic_city, nicolae_volcano_entry_vermiform,
          gauntlet_entry_generic, uniq_amaemon
Lair:3:   layout_regular_city, minmay_shoals_entry_lonely_mermaid,
          lemuel_fruit_tree, infiniplex_staircase_pool, lemuel_fruit_fields,
          uniq_gastronok
Lair:4:   layout_regular_city, minmay_snake_entry_guardpost_small,
          hibernation_bobbens
Lair:5:   layout_misc_corridors, slime_altar_1, special_room [special_room_bee],
          lemuel_fruit_fields, serial_bayou_shore_b
Lair:6:   minmay_lair_end_frog_pond, layout_long_grid
Shoals:1: nicolae_shoals_island_circles, layout_shoals, ldierk_geyser
Shoals:2: layout_shoals, serial_shops, bzr_entry_safe, uniq_ilsuiw, uniq_nikola
Shoals:3: layout_shoals, lemuel_centaur_altar
Shoals:4: shoals_end_simple, layout_shoals, uniq_bai_suzhen, uniq_polyphemus
Snake:1:  nicolae_snake_unarmed_stairs_patrol, layout_layer_cave, serial_shops,
          nicolae_shop_statue_plus, uniq_aizul, uniq_josephine, uniq_donald
Snake:2:  layout_layer_cave, ebering_ghost_disaster_area
Snake:3:  layout_rooms, nicolae_snake_slithery_corners,
          hangedman_snake_corridor_cut
Snake:4:  grunt_snake_rune_pools, layout_onion, serial_shops, shop,
          nicolae_shop_unique_rings, grunt_megastairs_5, serial_bayou_shore_b
Orc:1:    layout_caves, kennysheep_orc_sif_temple
Orc:2:    grunt_orc_cross, layout_caves, uniq_urug
Elf:1:    minmay_elf_arrival_circle, layout_geoelf_grid, minivault_28,
          minmay_shoptagon
Elf:2:    elven_hall_of_blades_hangedman_original
          [nicolae_blade_entry_sentries_behind_glass], layout_gridlike,
          nicolae_shop_gadgets, lemuel_elevator, lemuel_upstairs_altar
Vaults:1: ontoclasm_vaults_decontamination, nicolae_vaults_puzzle_piece,
          vaults_room_octagon, vaults_dpeg_doors, hangedman_vaults_locks,
          v_misc_1, v_alt_pattern_1, nicolae_vaults_what_the_h,
          nicolae_vaults_yaktaur_gun_rack, layout_vaults_ring, serial_shops,
          nicolae_diamond_shop
Vaults:2: hangedman_vaults_cutoff, ontoclasm_vaults_pinch, vaults_room_corners,
          v_pattern_5, v_misc_5, ontoclasm_vaults_idyll, v_misc_14,
          ontoclasm_vaults_eye, layout_vaults_big_room, serial_shops, shop
Vaults:3: nicolae_vaults_network_square, st_squares, nicolae_vaults_arrows,
          vaults_dpeg_cross, hangedman_vaults_slither, blue_anna_dwarven_crypt,
          nicolae_vaults_big_ls, nicolae_vaults_network_s,
          nicolae_vaults_little_squares_3, hangedman_vaults_hat,
          ontoclasm_vaults_hangar, nicolae_vaults_little_ls, layout_vaults_maze,
          serial_shops, nicolae_lakefront_shop, uniq_sojobo, uniq_xtahua,
          uniq_zenata
Vaults:4: dpeg_vaults_monster_row, ontoclasm_vaults_ring_square, v_misc_11,
          v_misc_12, vaults_room_pools, vaults_room_fours,
          nicolae_vaults_little_squares_6, v_alt_pattern_3,
          nicolae_vaults_specimen_jars, grunt_vaults_focal,
          nicolae_vaults_alarming, layout_vaults_omnigrid, serial_glass,
          serial_shops, bzr_entry_customers
Depths:1: layout_cave_shapes, enter_ziggurat_f, zin_angel, hell_entry,
          minivault_16, minmay_hollow_rounded_squares, serial_bayou_shore_b
Depths:2: minmay_distorted_concentric_squares, layout_cave_pools, abyss_entry,
          rand_demon_pan_entry_7, hell_entry
Depths:3: nzn_winding_woodlands_medium [nzn_winding_woodlands_5x5_perimeter,
          nzn_winding_woodlands_5x15_zeroes, nzn_winding_woodlands_5x5_cross,
          nzn_winding_woodlands_5x5_three,
          nzn_winding_woodlands_center_triple_pond,
          nzn_winding_woodlands_5x5_checkerboard,
          nzn_winding_woodlands_hourglass,
          nzn_winding_woodlands_5x15_split_checker,
          nzn_winding_woodlands_5x5_default], layout_twisted_cross,
          yredelemnul_altar_generic, pan_entry, grunt_metal_band, abyss_entry,
          uniq_jory, uniq_enchantress
Hell
Coc:1:    layout_ice_bergs
Coc:2:    layout_cocytus_water_paths

Skill      XL: |  1  2  3  4  5  6  7  8  9 10 11 12 13 14 15 16 17 18 19 20 21 |
---------------+----------------------------------------------------------------+-----
Axes           | 2 3 4 5 6 7 9 10 11 12 13 15 16 18 | 18.0
Fighting       | 3 5 7 8 9 11 12 13 15 18 21 22 | 22.0
Evocations     | 2 4 6 8 |  8.0
Armour         | 4 5 7 8 10 11 12 | 12.9
Shields        | 4 7 |  7.6
Dodging        | 5 6 |  6.0
Ice Magic      | 5 10 11 | 11.0
Necromancy     | 6 13 16 | 16.0
Spellcasting   | 3 7 |  7.0

Action                   |  1- 3 |  4- 6 |  7- 9 | 10-12 | 13-15 | 16-18 | 19-21 || total
-------------------------+-------+-------+-------+-------+-------+-------+-------++-------
Melee: War axe           |   119 |   143 |    77 |    71 |   189 |  1958 |   369 ||  2926
       Hand axe          |       |    29 |   160 |     5 |    41 |       |       ||   235
       Dagger            |       |       |    88 |    82 |       |       |       ||   170
       Battleaxe         |       |       |    38 |   261 |   911 |       |       ||  1210
       Punch             |       |       |       |     3 |     1 |       |       ||     4
       Halberd           |       |       |       |       |    17 |       |       ||    17
       Demon whip        |       |       |       |       |   223 |   100 |    48 ||   371
       Broad axe         |       |       |       |       |       |       |  1520 ||  1520
 Fire: Hunting sling     |       |    30 |    17 |     2 |       |       |       ||    49
       Hand crossbow     |       |       |       |   131 |    44 |     1 |     2 ||   178
Throw: Stone             |    14 |     9 |     1 |       |       |       |       ||    24
       Dart              |       |     3 |    13 |    13 |     2 |     8 |     4 ||    43
       Boomerang         |       |       |     7 |    11 |     7 |     1 |     3 ||    29
       Javelin           |       |       |       |       |     3 |       |       ||     3
       Throwing net      |       |       |       |       |     1 |     2 |     2 ||     5
 Cast: Summon Ice Beast  |       |       |       |       |       |       |     6 ||     6
       Freezing Cloud    |       |       |       |       |       |       |     4 ||     4
Evoke: Wand              |       |       |     8 |    12 |     5 |    15 |       ||    40
       Lightning rod     |       |       |       |       |     4 |     8 |       ||    12
       Phantom mirror    |       |       |       |       |     2 |     7 |     1 ||    10
       Phial of floods   |       |       |       |       |     1 |     2 |       ||     3
       Box of beasts     |       |       |       |       |       |     5 |     2 ||     7
       Tin of tremorston |       |       |       |       |       |     2 |       ||     2
       Horn of Geryon    |       |       |       |       |       |       |     2 ||     2
  Use: Scroll            |       |       |    14 |     6 |    11 |     7 |    10 ||    48
       Potion            |       |       |       |     2 |     5 |     1 |     4 ||    12
 Stab: Paralysed         |       |       |       |    10 |       |       |       ||    10
       Held in net/web   |       |       |       |       |     1 |       |       ||     1
       Petrified         |       |       |       |       |       |     5 |       ||     5
       Distracted        |       |       |       |       |       |       |     3 ||     3
       Sleeping          |       |       |       |       |       |       |     3 ||     3
Armor: Scale mail        |    24 |       |       |       |       |       |       ||    24
       Chain mail        |    28 |    98 |   166 |       |   154 |  1082 |   643 ||  2171
       Plate armour      |       |       |    47 |   384 |   740 |       |       ||  1171
       Ice dragon scales |       |       |       |       |       |       |    39 ||    39
       Acid dragon scale |       |       |       |       |       |       |   334 ||   334
Dodge: Dodged            |    51 |    45 |   114 |   196 |   637 |   901 |   877 ||  2821
Block: Buckler           |    27 |    52 |    69 |    56 |    44 |   681 |   623 ||  1552
       Reflection        |       |       |       |       |       |    56 |    35 ||    91

Table legend: (Time is in decaauts)
 A = Elapsed time spent in this place.
 B = Non-inter-level travel time spent in this place.
 C = Inter-level travel time spent in this place.
 D = Time resting spent in this place.
 E = Time spent auto-exploring this place.
 F = Levels seen in this place.
 G = Mean time per level.
                   A        B        C        D        E       F      G
               +--------+--------+--------+--------+--------+-----+--------+
         Total |  77567 |  72906 |   4661 |  23631 |  27923 |  50 | 1551.3 |
       Dungeon |  24325 |  22115 |   2210 |   7306 |   9447 |  15 | 1621.7 |
          Lair |  14923 |  14180 |    743 |   5915 |   5409 |   6 | 2487.2 |
        Shoals |   5410 |   5076 |    334 |    584 |   2903 |   4 | 1352.5 |
     Snake Pit |   9147 |   8601 |    546 |   2516 |   2939 |   4 | 2286.8 |
  Orcish Mines |   2598 |   2473 |    125 |    672 |    978 |   2 | 1299.0 |
   Elven Halls |   1265 |   1100 |    165 |    172 |    441 |   2 |  632.5 |
        Vaults |  10648 |  10266 |    382 |   3166 |   3929 |   4 | 2662.0 |
        Depths |   4693 |   4540 |    153 |   1709 |   1268 |   3 | 1564.3 |
          Hell |    618 |    618 |      0 |    365 |      6 |   1 |  618.0 |
       Cocytus |     11 |     11 |      0 |      0 |      0 |   2 |    5.5 |
         Abyss |   1055 |   1055 |      0 |    476 |     18 |   2 |  527.5 |
        Bazaar |    196 |    196 |      0 |      0 |    110 |   2 |   98.0 |
        Bailey |   1396 |   1396 |      0 |    647 |    144 |   1 | 1396.0 |
      Ice Cave |    872 |    872 |      0 |     54 |    279 |   1 |  872.0 |
      Gauntlet |    406 |    406 |      0 |     44 |     50 |   1 |  406.0 |
               +--------+--------+--------+--------+--------+-----+--------+

Top non-repeatable levels by time:
  Lair:1: 5758 daAuts
Vaults:3: 4686 daAuts
    D:11: 3731 daAuts
  Lair:6: 3054 daAuts
 Snake:1: 2925 daAuts
 Snake:4: 2656 daAuts
     D:5: 2497 daAuts
Vaults:4: 2210 daAuts
     D:8: 2167 daAuts
Vaults:2: 2059 daAuts
Depths:2: 1980 daAuts
  Lair:4: 1961 daAuts
 Snake:3: 1888 daAuts
    D:15: 1794 daAuts
Depths:1: 1694 daAuts
